 Dungeon Crawl Stone Soup version 0.28-a0-476-g0f06bd746f (webtiles) character file.

Game seed: 14984837102558582704

77 bande the Shield-Bearer (level 4, -1/29 HPs)
             Began as a Gargoyle Fighter on Sept 16, 2021.
             Slain by an orc priest (3 damage)
             ... on level 3 of the Dungeon.
             The game lasted 00:03:43 (2042 turns).

bande the Shield-Bearer (Gargoyle Fighter)          Turns: 2042, Time: 00:03:45

Health: -1/29      AC: 10    Str: 19    XL:     4   Next: 33%
Magic:  4/4        EV:  9    Int:  9    God:
Gold:   62         SH:  4    Dex: 10    Spells: 3/3 levels left

rFire   . . .      SeeInvis .   a - +0 war axe
rCold   . . .      Faith    .   c - +0 buckler
rNeg    + . .      Spirit   .   b - +0 scale mail
rPois   ∞          Reflect  .   (no helmet)
rElec   +          Harm     .   k - scarf {+Inv}
rCorr   .          Rampage  .   (no gloves)
Will    .....                   (no boots)
Stlth   ..........              (no amulet)
HPRegen 0.09/turn               (no ring)
MPRegen 0.09/turn               (no ring)

@: mighty
A: sickness immunity, AC +3, negative energy resistance 1, electricity
resistance, torment resistance 1, petrification resistance
a: Evoke Invisibility


You were on level 3 of the Dungeon.
You visited 1 branch of the dungeon, and saw 3 of its levels.

You collected 62 gold pieces.

Inventory:

Hand Weapons
 a - a +0 war axe (weapon)
Armour
 b - a +0 scale mail (worn)
 c - a +0 buckler (worn)
 k - a scarf of invisibility (worn)
Scrolls
 e - a scroll of identify
 i - a scroll of amnesia
Potions
 d - a potion of might


   Skills:
 + Level 3.7 Fighting
 + Level 2.4 Axes
 + Level 3.8 Armour
 + Level 4.1 Shields
 * Level 0.8 Evocations


You had 3 spell levels left.
You didn't know any spells.
Your spell library contained the following spells:

 Spells                   Type           Power      Damage    Failure   Level
 Beastly Appendage        Tmut           0%         N/A       75%         1
 Wereblood                Tmut           0%         N/A       87%         2
 Conjure Flame            Conj/Fire      0%         6-21      98%         3
 Ignite Poison            Fire/Tmut/Pois 0%         N/A       98%         3
 Portal Projectile        Hex/Tloc       0%         N/A       98%         3
 Spider Form              Tmut/Pois      0%         N/A       98%         3
 Sticky Flame             Conj/Fire      0%         2d3       100%        4
 Blade Hands              Tmut           0%         N/A       100%        5
 Excruciating Wounds      Necr           0%         N/A       100%        5
 Summon Forest            Summ/Tloc      0%         N/A       100%        5
 Eringya's Noxious Bog    Tmut/Pois      0%         N/A       100%        6
 Summon Hydra             Summ           0%         N/A       100%        7


Dungeon Overview and Level Annotations

Branches:
Dungeon (3/15)

Altars:

Shops:
D:1 !


Innate Abilities, Weirdness & Mutations

You are immune to sickness and miasma.
Your stone body is resilient. (AC +3)
You are immune to poison.
You resist negative energy. (rN+)
You are resistant to electric shocks. (rElec)
You are resistant to unholy torment.
You are immune to petrification.


Message History

The quokka bites you but does no damage.
The kobold barely misses you.
The orc moves out of view.
You feel very mighty all of a sudden.
The quokka bites you but does no damage.
You block the kobold's attack.
You barely miss the kobold. You closely miss the quokka.
You block the quokka's attack.
The orc priest miscasts a cantrip.
The kobold closely misses you.
Unknown command.
You closely miss the kobold. You hit the quokka but do no damage.
You hit the orc.
The quokka bites you but does no damage.
The kobold hits you with a +0 whip.
* * * LOW HITPOINT WARNING * * *
The quokka bites you but does no damage.
You block the orc's attack.
You slash the kobold!
You kill the kobold!
You barely miss the quokka. You closely miss the orc.
You block the quokka's attack. The orc hits you with a +0 hand axe.
* * * LOW HITPOINT WARNING * * *
The quokka bites you but does no damage.
You block the orc priest's attack.
The orc priest calls upon Beogh to heal the orc.
The orc is healed somewhat.
You block the orc's attack.
You slash the orc priest!
The orc priest is severely wounded.
You closely miss the quokka. You hit the orc.
The quokka bites you but does no damage.
The orc priest calls down the wrath of Beogh upon you.
You barely resist. The orc closely misses you. The quokka misses you.
Unknown command.
You closely miss the orc priest.
The orc priest is severely wounded.
You hit the orc. You closely miss the quokka.
The orc priest hits you but does no damage.
The orc hits you but does no damage. The quokka barely misses you.
The orc priest hits you with a +0 whip.
You die...

.# .. .# .. .##
.### .... ...
.##..###.#####.
....ooo@.......
.....##or#####.
.....##........
....o...###.#..
......#.# ...
.#.#..#.###.##.
..[.........#
.##.........#
.....##.....###


You could see 2 orc priests, 2 orcs and a quokka.

Vanquished Creatures
  Jessica (D:2)
  2 adders (D:2)
  2 dart slugs
  A ball python (D:2)
  5 endoplasms
  3 giant cockroaches (D:2)
  4 goblins
  2 hobgoblins
  2 kobolds
  2 bats
  A frilled lizard (D:2)
  2 rats
27 creatures vanquished.

Notes
Turn   | Place    | Note
-------+----------+-------------------------------------------
     0 | D:1      | bande the Gargoyle Fighter began the quest for the Orb.
     0 | D:1      | Reached XP level 1. HP: 14/14 MP: 1/1
   281 | D:1      | Found a faded altar of an unknown god.
   356 | D:1      | Reached XP level 2. HP: 19/19 MP: 2/2
   547 | D:1      | Found Axziciy's Distillery.
  1386 | D:2      | Reached XP level 3. HP: 14/23 MP: 3/3
  1392 | D:2      | Reached skill level 4 in Shields
  1719 | D:2      | Noticed Jessica
  1725 | D:2      | Killed Jessica
  1726 | D:2      | Reached XP level 4. HP: 28/29 MP: 4/4
  2042 | D:3      | Slain by an orc priest

Illustrated notes

Levels and vault maps discovered:
D:1:      erik_arrival_cave_to_civilisation [erik_arrival_cave_to_temple],
          layout_basic, hellmonk_ecumenical_altar_pennies_from_heaven,
          serial_shops, nicolae_shop_trees
D:2:      layout_rooms, minmay_pentomino_p2, uniq_jessica
D:3:      layout_basic, cheibrodos_sewer_entry_drain, minmay_misc_feat_rows,
          nicolae_underground_beach

Skill      XL: |  1  2  3 |
---------------+----------+-----
Axes           | 2 |  2.4
Shields        | 4 |  4.1
Fighting       | |  3.7
Armour         | |  3.8
Evocations     | |  0.8

Action                   |  1- 3 |  4- 6 || total
-------------------------+-------+-------++-------
Melee: War axe           |    68 |    21 ||    89
  Use: Scroll            |     6 |     1 ||     7
       Potion            |       |     1 ||     1
Armor: Scale mail        |    33 |    21 ||    54
Dodge: Dodged            |    31 |     9 ||    40
Block: Buckler           |    25 |    12 ||    37

Table legend: (Time is in decaauts)
 A = Elapsed time spent in this place.
 B = Non-inter-level travel time spent in this place.
 C = Inter-level travel time spent in this place.
 D = Time resting spent in this place.
 E = Time spent auto-exploring this place.
 F = Levels seen in this place.
 G = Mean time per level.
                   A        B        C        D        E       F      G
               +--------+--------+--------+--------+--------+-----+--------+
         Total |   2079 |   2079 |      0 |    331 |   1439 |   3 |  693.0 |
       Dungeon |   2079 |   2079 |      0 |    331 |   1439 |   3 |  693.0 |
               +--------+--------+--------+--------+--------+-----+--------+

Top non-repeatable levels by time:
     D:1: 1349 daAuts
     D:2: 697 daAuts
     D:3: 32 daAuts
